 Dungeon Crawl Stone Soup version 0.20.1-1-g8b1a95d (webtiles) character file.

102 MDKed the Skirmisher (level 5, -4/42 HPs)
             Began as a Human Fighter on July 16, 2017.
             Was an Initiate of Makhleb.
             Slain by Crazy Yiuf
             ... wielding a +4 quarterstaff of chaos
              (7 damage)
             ... on level 2 of the Dungeon.
             The game lasted 00:07:15 (1703 turns).

MDKed the Skirmisher (Human Fighter)                Turns: 1703, Time: 00:07:16

Health: -4/42      AC:  8    Str: 22    XL:     5   Next: 5%
Magic:  4/5        EV:  8    Int:  9    God:    Makhleb [......]
Gold:   93         SH:  9    Dex: 12    Spells: 4/4 levels left

rFire    . . .     SeeInvis .   a - +0 long sword
rCold    . . .     Gourm    .   c - +0 shield
rNeg     . . .     Faith    .   b - +0 scale mail
rPois    .         Spirit   .   (no helmet)
rElec    .         Reflect  .   (no cloak)
rCorr    .         Harm     .   o - +0 pair of gloves
MR       .....                  (no boots)
Stlth    ..........             (no amulet)
Regen    0.2/turn               (no ring)
MPRegen  0.1/turn               (no ring)

@: mighty, lethally poisoned (-4 -> -12), slowed, very slow
A: no striking features
a: Renounce Religion


You were on level 2 of the Dungeon.
You worshipped Makhleb.
Makhleb was noncommittal.
You were not hungry.

You visited 1 branch of the dungeon, and saw 2 of its levels.

You collected 93 gold pieces.

Inventory:

Hand Weapons
 a - a +0 long sword (weapon)
Armour
 b - a +0 scale mail (worn)
 c - a +0 shield (worn)
 e - a +0 pair of gloves
 o - a +0 pair of gloves (worn)
Scrolls
 g - a scroll of identify
 k - a scroll of noise
Potions
 h - 2 potions of cancellation
 i - a potion of invisibility {unknown}
 j - a potion of agility {unknown}
 l - a potion of mutation {unknown}
 p - a potion of brilliance {unknown}
Comestibles
 f - a bread ration
 m - a meat ration
 n - 2 chunks of flesh


   Skills:
 * Level 3.7 Fighting
 * Level 3.1 Long Blades
 * Level 3.3 Armour
 + Level 1.0 Dodging
 * Level 3.5 Shields


You had 4 spell levels left.
You didn't know any spells.

Dungeon Overview and Level Annotations

Branches:
Dungeon (2/15)

Altars:
Makhleb

Annotations:
D:2 Crazy Yiuf


Message History

Your shield and scale mail prevent you from hitting Crazy Yiuf.
Crazy Yiuf is moderately wounded.
You feel sick.
Crazy Yiuf hits you with a quarterstaff of chaos.
You feel your power leaking away.
Your shield and scale mail prevent you from hitting Crazy Yiuf.
Crazy Yiuf is moderately wounded.
You feel sick. Crazy Yiuf barely misses you.
You hit Crazy Yiuf.
Crazy Yiuf is heavily wounded.
* * * LOW HITPOINT WARNING * * *
You feel sick.
Crazy Yiuf grits, "Lay chair mumblescurry!"
Crazy Yiuf hits you but does no damage.
You feel yourself slow down.
You feel very mighty all of a sudden.
You feel sick.
Crazy Yiuf hits you with a quarterstaff of chaos!
* * * LOW HITPOINT WARNING * * *
Space bends around you.
You die...

.#.### .).# ..## ..##
...## ....#### ##.....#
### ♣♣#### #.###.##
#)..#♣♣ ♣♣....## #.#
#..## #...g@♣♣♣♣......#
#.# ##..#
#...#♣..♣.......# #.#
##.# ### ♣♣♣.♣......# #.#
#.# ♣♣♣♣♣##.## #.## #.#
#.# #<.# #.####### ##.#
##.#
##.......#########..#
#.###..................##
#.##.........###########


You could see Crazy Yiuf.

Vanquished Creatures
  A hound (D:2)
  Jessica (D:2)
  An adder (D:2)
  2 worms (D:2)
  A dart slug (D:1)
  3 bats
  6 goblins
  3 hobgoblins
  2 kobolds
  A quokka (D:2)
  3 ball pythons
  2 frilled lizards
  4 rats
30 creatures vanquished.

Notes
Turn   | Place    | Note
-------+----------+-------------------------------------------
     0 | D:1      | MDKed the Human Fighter began the quest for the Orb.
     0 | D:1      | Reached XP level 1. HP: 18/18 MP: 1/1
   102 | D:1      | Reached XP level 2. HP: 15/24 MP: 2/2
   757 | D:2      | Reached XP level 3. HP: 29/29 MP: 3/3
  1310 | D:2      | Noticed Jessica
  1317 | D:2      | Killed Jessica
  1317 | D:2      | Reached skill level 1 in Dodging
  1317 | D:2      | Reached XP level 4. HP: 36/36 MP: 4/4
  1386 | D:2      | Found a burning altar of Makhleb.
  1401 | D:2      | Reached XP level 5. HP: 28/42 MP: 5/5
  1411 | D:2      | Became a worshipper of Makhleb the Destroyer
  1496 | D:2      | Found a runed door.
  1695 | D:2      | Noticed Crazy Yiuf
  1703 | D:2      | Slain by Crazy Yiuf

Skill      XL: |  1  2  3  4 |
---------------+-------------+-----
Dodging        | 1 |  1.0
Long Blades    | 3 |  3.1
Fighting       | |  3.7
Armour         | |  3.3
Shields        | |  3.5

Action                   |  1- 3 |  4- 6 || total
-------------------------+-------+-------++-------
Melee: Long sword        |    96 |    25 ||   121
  Use: Scroll            |     7 |     2 ||     9
       Potion            |       |     1 ||     1
  Eat: Bread ration      |     1 |       ||     1
Armor: Scale mail        |    51 |    10 ||    61
Dodge: Dodged            |    39 |    10 ||    49
Block: Shield            |    46 |    10 ||    56
       Rpst.: Long sword |    17 |       ||    17
